 Dungeon Crawl Stone Soup version 0.31-a0-609-g7bf6ffcfed (webtiles) character file.

Game seed: 15377894978656859990

182 Rohain the Slasher (level 5, -3/43 HPs)
             Began as a Gnoll Reaver on Aug 22, 2023.
             Killed by divine providence
             ... invoked by an orc priest
              (12 damage)
             ... on level 4 of the Dungeon.
             The game lasted 00:04:18 (2641 turns).

Rohain the Slasher (Gnoll Reaver)                   Turns: 2641, Time: 00:04:19

Health: -3/43      AC:  9    Str: 12    XL:     5   Next: 62%
Magic:  12/12      EV: 13    Int: 11    God:
Gold:   200        SH:  0    Dex: 15    Spells: 13/14 levels left

rFire   . . .        a - +1 falchion (venom)
rCold   . . .        (no shield)
rNeg    . . .        b - +0 leather armour
rPois   .            j - +1 helmet
rElec   .            (no cloak)
rCorr   .            (no gloves)
SInv    .            (no boots)
Will    .....        e - amulet of magic regeneration
Stlth   ++           i - +4 ring of protection
HPRegen 0.27/turn    (no ring)
MPRegen 0.53/turn

%: no passive effects
@: no status effects
A: fangs 1, strong nose, distributed training, agile 1
a: no special abilities


You were on level 4 of the Dungeon.
You visited 1 branch of the dungeon, and saw 4 of its levels.

You collected 200 gold pieces.

Inventory:

Hand Weapons
 a - a +1 falchion of venom (weapon)
Armour
 b - a +0 leather armour (worn)
 j - a +1 helmet (worn)
Jewellery
 e - an amulet of magic regeneration (around neck)
 i - a +4 ring of protection (left hand)
Scrolls
 d - a scroll of teleportation
 g - a scroll of silence {unknown}
 k - a scroll of enchant armour {unknown}
 l - a scroll of revelation
Potions
 c - a potion of ambrosia {unknown}
 f - a potion of curing
 h - a potion of resistance {unknown}
 m - a potion of cancellation {unknown}


   Skills:
 + Level 4.8 Fighting
 + Level 1.6 Short Blades
 + Level 6.7 Long Blades
 + Level 1.6 Axes
 + Level 1.6 Maces & Flails
 + Level 1.6 Polearms
 + Level 1.6 Staves
 + Level 1.6 Ranged Weapons
 + Level 1.6 Throwing
 + Level 1.6 Armour
 + Level 4.8 Dodging
 + Level 1.6 Stealth
 + Level 1.6 Shields
 + Level 1.6 Unarmed Combat
 + Level 5.2 Spellcasting
 + Level 5.5 Conjurations
 + Level 1.2 Hexes
 + Level 1.2 Summonings
 + Level 1.2 Necromancy
 + Level 1.2 Translocations
 + Level 1.2 Transmutations
 + Level 1.2 Fire Magic
 + Level 1.2 Ice Magic
 + Level 1.2 Air Magic
 + Level 1.2 Earth Magic
 + Level 1.2 Poison Magic
 + Level 1.8 Invocations
 + Level 1.6 Evocations
 + Level 1.2 Shapeshifting


You had 13 spell levels left.
You knew the following spells:

 Your Spells              Type           Power      Damage    Failure   Level
a - Kiss of Death         Conj/Necr      40%        2d8       7%          1

Your spell library contained the following spells:

 Spells                   Type           Power      Damage    Failure   Level
 Momentum Strike          Conj/Tloc      20%        3d8       10%         2
 Hailstorm                Conj/Ice       10%        3d5       21%         3
 Blink                    Tloc           10%        N/A       24%         2
 Manifold Assault         Tloc           5%         N/A       83%         4


Dungeon Overview and Level Annotations

Branches:
Dungeon (4/15)
 Temple: D:4-7

Altars:

Annotations:
D:2 1 runed translucent door, Crazy Yiuf


Innate Abilities, Weirdness & Mutations

You have very sharp teeth.
Your uncanny sense of smell can sniff out nearby items.
Your experience applies equally to all skills.
You are agile. (Dex +4, Str/Int -1)


Message History

The orc is severely wounded.
You hit the orc.
You kill the orc!
The orc priest shouts!
The orc priest invokes the aid of Beogh against you.
Beogh smites you!
Things that are here:
a +0 club; a +0 scale mail; an orc corpse The orc priest invokes the aid of Beogh against you.
Pain shoots through your body!
You are too injured to fight recklessly!
You barely miss the orc priest. The orc priest barely misses you.
You barely miss the orc priest. You bite the orc priest.
The orc priest is lightly wounded.
You hit the orc priest.
The orc priest is poisoned.
The orc priest is moderately wounded.
The orc priest closely misses you.
The orc priest mumbles some strange prayers to Beogh against you.
Pain shoots through your body!
You hit the orc priest.
The orc priest looks as sick as possible!
You bite the orc priest.
The orc priest is heavily wounded.
The orc priest mumbles some strange prayers to Beogh against you.
Pain shoots through your body!
* * * LOW HITPOINT WARNING * * *
The orc priest hits you but does no damage.
You hit the orc priest.
The orc priest is moderately wounded.
The orc priest misses you. The orc priest barely misses you.
You completely miss the orc priest.
The orc priest is moderately wounded.
The orc priest closely misses you. The orc priest hits you with a +0 mace.
* * * LOW HITPOINT WARNING * * *
You slash the orc priest!
The orc priest is poisoned.
The orc priest is almost dead.
You kill the orc priest!
The orc priest mumbles some strange prayers to Beogh against you.
Beogh smites you!
You die...

...# #..) ####...####
##..........
##........... ###
#............ ..
#....<..!.... #.##
#....).......
#..###..).@o......
###.#...)...!...(..
##......#..........♣
#####..####.##.....#....
......## #.#########...
####### #.. .#. ####


You could see an orc priest (extremely poisoned).

Vanquished Creatures
  2 orc priests
  Natasha (twice) (D:2)
  Robin (D:2)
  An adder (D:2)
  A dart slug (D:2)
  3 orcs
  7 endoplasms
  4 giant cockroaches
  12 goblins
  7 hobgoblins
  5 jackals
  2 kobolds
  3 quokkas
  8 ball pythons
  10 bats
  2 frilled lizards
  3 rats
73 creatures vanquished.

Notes
Turn   | Place    | Note
-------+----------+-------------------------------------------
     0 | D:1      | Rohain the Gnoll Reaver began the quest for the Orb.
     0 | D:1      | Reached XP level 1. HP: 20/20 MP: 6/6
    84 | D:1      | Reached XP level 2. HP: 19/26 MP: 7/7
   433 | D:1      | Reached XP level 3. HP: 30/31 MP: 9/9
   440 | D:1      | Reached skill level 5 in Spellcasting
   669 | D:1      | Reached skill level 1 in Invocations
   907 | D:2      | Noticed Robin
   928 | D:2      | Reached skill level 1 in Short Blades
   928 | D:2      | Reached skill level 1 in Axes
   928 | D:2      | Reached skill level 1 in Maces & Flails
   928 | D:2      | Reached skill level 1 in Polearms
   928 | D:2      | Reached skill level 1 in Staves
   928 | D:2      | Reached skill level 1 in Ranged Weapons
   928 | D:2      | Reached skill level 1 in Throwing
   928 | D:2      | Reached skill level 1 in Armour
   928 | D:2      | Reached skill level 1 in Stealth
   928 | D:2      | Reached skill level 1 in Shields
   928 | D:2      | Reached skill level 1 in Unarmed Combat
   928 | D:2      | Reached skill level 1 in Evocations
   932 | D:2      | Gained mutation: You are occasionally teleported next to
                  | monsters. [potion of mutation]
   932 | D:2      | Gained mutation: You sometimes lose your temper in combat.
                  | [potion of mutation]
   932 | D:2      | Gained mutation: Your flesh is cold resistant. (rC+)
                  | [potion of mutation]
   936 | D:2      | Killed Robin
   937 | D:2      | Reached XP level 4. HP: 17/38 MP: 11/11
   941 | D:2      | Lost mutation: Your flesh is cold resistant. (rC+) [potion
                  | of mutation]
   941 | D:2      | Lost mutation: You sometimes lose your temper in combat.
                  | [potion of mutation]
   941 | D:2      | Lost mutation: You are occasionally teleported next to
                  | monsters. [potion of mutation]
   941 | D:2      | Gained mutation: You are agile. (Dex +4, Str/Int -1)
                  | [potion of mutation]
  1142 | D:2      | Noticed Natasha
  1155 | D:2      | Killed Natasha
  1156 | D:2      | Reached skill level 1 in Hexes
  1156 | D:2      | Reached skill level 1 in Summonings
  1156 | D:2      | Reached skill level 1 in Necromancy
  1156 | D:2      | Reached skill level 1 in Translocations
  1156 | D:2      | Reached skill level 1 in Transmutations
  1156 | D:2      | Reached skill level 1 in Fire Magic
  1156 | D:2      | Reached skill level 1 in Ice Magic
  1156 | D:2      | Reached skill level 1 in Air Magic
  1156 | D:2      | Reached skill level 1 in Earth Magic
  1156 | D:2      | Reached skill level 1 in Poison Magic
  1156 | D:2      | Reached skill level 1 in Shapeshifting
  1380 | D:2      | Noticed Natasha
  1398 | D:2      | Killed Natasha
  1399 | D:2      | Reached XP level 5. HP: 20/43 MP: 12/12
  1784 | D:2      | Found a runed translucent door.
  1785 | D:2      | Noticed Crazy Yiuf
  2641 | D:4      | Killed from afar by an orc priest

Illustrated notes

Levels and vault maps discovered:
D:1:      sevenhm_arrival_forest_fort_small_3, layout_basic, st_stairs_2
D:2:      layout_loops_ring, hex_large, st_stairs_10, kennysheep_nub,
          uniq_natasha, uniq_crazy_yiuf_cottage, uniq_robin
D:3:      layout_basic, st_stairs_10
D:4:      layout_rooms, nicolae_kikubaaqudgha_miasma_corner,
          minmay_temple_entry_overgrown, minmay_misc_feat_plants,
          eino_small_chamber_without_monster, chequers_garden

Skill      XL: |  1  2  3  4 |
---------------+-------------+-----
Spellcasting   | 5 |  5.2
Invocations    | 1 |  1.8
Short Blades   | 1 |  1.6
Axes           | 1 |  1.6
Maces & Flails | 1 |  1.6
Polearms       | 1 |  1.6
Staves         | 1 |  1.6
Ranged Weapons | 1 |  1.6
Throwing       | 1 |  1.6
Armour         | 1 |  1.6
Stealth        | 1 |  1.6
Shields        | 1 |  1.6
Unarmed Combat | 1 |  1.6
Evocations     | 1 |  1.6
Hexes          | 1 |  1.2
Summonings     | 1 |  1.2
Necromancy     | 1 |  1.2
Translocations | 1 |  1.2
Transmutations | 1 |  1.2
Fire Magic     | 1 |  1.2
Ice Magic      | 1 |  1.2
Air Magic      | 1 |  1.2
Earth Magic    | 1 |  1.2
Poison Magic   | 1 |  1.2
Shapeshifting  | 1 |  1.2
Fighting       | |  4.8
Long Blades    | |  6.7
Dodging        | |  4.8
Conjurations   | |  5.5

Action                     |  1- 3 |  4- 6 || total
---------------------------+-------+-------++-------
  Melee: Falchion          |   146 |   113 ||   259
         Bite              |     8 |    13 ||    21
         Punch             |     2 |       ||     2
    Use: Scroll            |     1 |     5 ||     6
         Potion            |     2 |     1 ||     3
 Armour: Leather armour    |    53 |    34 ||    87
  Dodge: Dodged            |    98 |    67 ||   165

Table legend: (Time is in decaauts)
 A = Elapsed time spent in this place.
 B = Non-inter-level travel time spent in this place.
 C = Inter-level travel time spent in this place.
 D = Time resting spent in this place.
 E = Time spent auto-exploring this place.
 F = Levels seen in this place.
 G = Mean time per level.
                   A        B        C        D        E       F      G
               +--------+--------+--------+--------+--------+-----+--------+
         Total |   2632 |   2532 |    100 |    130 |   1810 |   4 |  658.0 |
       Dungeon |   2632 |   2532 |    100 |    130 |   1810 |   4 |  658.0 |
               +--------+--------+--------+--------+--------+-----+--------+

Top non-repeatable levels by time:
     D:2: 1055 daAuts
     D:3: 757 daAuts
     D:1: 754 daAuts
     D:4: 64 daAuts
